 Dungeon Crawl Stone Soup version 0.25.1-2-g60ff931df9 (webtiles) character file.

Game seed: 5217777899293994691

290 Luthien the Conjurer (level 6, -9/34 HPs)
             Began as a Deep Elf Conjurer on Sept 7, 2020.
             Mangled by an orc warrior
             ... wielding a +0 hand axe
              (12 damage)
             ... on level 4 of the Dungeon.
             The game lasted 00:08:44 (3372 turns).

Luthien the Conjurer (Deep Elf Conjurer)            Turns: 3372, Time: 00:08:44

Health: -9/34      AC:  6    Str:  5    XL:     6   Next: 9%
Magic:  6/15       EV: 14    Int: 22    God:
Gold:   183        SH:  0    Dex: 15    Spells: 12/15 levels left

rFire    . . .     SeeInvis .   i - +0 dagger
rCold    . . .     Gourm    .   (no shield)
rNeg     . . .     Faith    .   a - +0 robe
rPois    .         Spirit   .   (no helmet)
rElec    .         Reflect  .   (no cloak)
rCorr    +         Harm     .   (no gloves)
MR       .....                  (no boots)
Stlth    +++.......             (no amulet)
HPRegen  0.11/turn              f - +4 ring of protection
MPRegen  0.14/turn              x - ring of resist corrosion

@: no status effects
A: no striking features
a: no special abilities


You were on level 4 of the Dungeon.
You were not hungry.

You visited 1 branch of the dungeon, and saw 4 of its levels.

You collected 183 gold pieces.

Inventory:

Hand Weapons
 i - a +0 dagger (weapon)
 v - a +0 hand axe
Missiles
 b - 13 arrows
 d - 116 stones (quivered)
 q - 40 poisoned darts
 r - 16 boomerangs
 y - 27 sling bullets
Armour
 a - a +0 robe (worn)
Jewellery
 f - a +4 ring of protection (left hand)
 x - a ring of resist corrosion (right hand)
Scrolls
 e - 6 scrolls of identify {unknown}
 g - a scroll of immolation {unknown}
 h - a scroll of enchant weapon {unknown}
 k - a scroll of noise {unknown}
 o - 3 scrolls of fear {unknown}
 p - 2 scrolls of remove curse {unknown}
 s - a scroll of blinking {unknown}
 w - a scroll of amnesia {unknown}
Potions
 j - a potion of magic {unknown}
 m - 2 potions of resistance {unknown}
 n - 2 potions of brilliance {unknown}
 t - a potion of curing {unknown}
 u - a potion of ambrosia {unknown}
 z - a potion of heal wounds {unknown}
Comestibles
 c - a ration
 l - 2 chunks of flesh


   Skills:
 + Level 1.0 Fighting
 - Level 4.0 Dodging
 - Level 4.0 Stealth
 + Level 5.0 Spellcasting
 + Level 5.8 Conjurations


You had 12 spell levels left.
You knew the following spells:

 Your Spells              Type           Power        Failure   Level  Hunger
a - Magic Dart            Conj           ####         1%          1    None
b - Searing Ray           Conj           ####..       1%          2    None

Your spell library contained the following spells:

 Spells                   Type           Power        Failure   Level  Hunger
 Dazzling Flash           Conj/Hex       ###...       9%          3    ##.....
 Fulminant Prism          Conj/Hex       ###.......   30%         4    ####...
 Iskenderun's Mystic Bla  Conj/Tloc      ###.....     30%         4    ####...


Dungeon Overview and Level Annotations

Branches:
Dungeon (4/15)
 Temple: D:4-7

Altars:


Message History

The searing ray hits the orc warrior but does no damage.
The orc warrior is severely wounded.
The searing ray hits the orc priest!
You kill the orc priest!
Your Fighting skill increases to level 1!
Your Spellcasting skill increases to level 5!
You have reached level 6!
Your experience leads to an increase in your attributes!
Increase (S)trength, (I)ntelligence, or (D)exterity?
You feel clever. (Press . to maintain the ray.)
The orc warrior hits you with a +0 hand axe!
* * * LOW HITPOINT WARNING * * *
Unknown command.
The searing ray hits the orc warrior.
The orc warrior is severely wounded.
The searing ray hits the orc.
The orc is heavily wounded.
The orc warrior hits you with a +0 hand axe!
You die...

#.# ####### #+##
#.####.(÷..### ....#
#....#.##....#####l....#
#....+.##....'..@oo....+
#....####....#####.....#
#....+.......# ##+..
#....###...#####
.....÷...>......
#.#.........####
#.##.###....# #.##.#
#...[# #.##.###....#


You could see an orc warrior, an iguana and an orc.

Vanquished Creatures
  An ogre (D:4)
  An orc priest (D:4)
  A bullfrog skeleton (D:4)
  An orc wizard (D:3)
  4 adders
  An ooze (D:2)
  An adder skeleton (D:3)
  2 dart slugs (D:2)
  A leopard gecko (D:3)
  4 orcs
  12 bats
  5 giant cockroaches
  A hobgoblin (D:1)
  8 jackals
  6 kobolds
  4 ball pythons
  4 frilled lizards
  7 goblins
  A quokka skeleton (D:3)
  4 rats
69 creatures vanquished.

Notes
Turn   | Place    | Note
-------+----------+-------------------------------------------
     0 | D:1      | Luthien the Deep Elf Conjurer began the quest for the Orb.
     0 | D:1      | Reached XP level 1. HP: 10/10 MP: 6/6
   426 | D:1      | Reached XP level 2. HP: 15/15 MP: 6/8
   430 | D:1      | Learned a level 2 spell: Searing Ray
  1118 | D:2      | Reached XP level 3. HP: 19/19 MP: 8/10
  1672 | D:2      | Reached XP level 4. HP: 24/24 MP: 7/11
  2190 | D:3      | Reached skill level 5 in Conjurations
  3151 | D:4      | Reached XP level 5. HP: 23/28 MP: 7/13
  3247 | D:4      | Noticed an ogre
  3252 | D:4      | Killed an ogre
  3366 | D:4      | Noticed an orc warrior
  3371 | D:4      | Reached skill level 1 in Fighting
  3371 | D:4      | Reached skill level 5 in Spellcasting
  3371 | D:4      | Reached XP level 6. HP: 14/34 MP: 7/15
  3372 | D:4      | Mangled by an orc warrior

Illustrated notes

Levels and vault maps discovered:
D:1:      dpeg_arrival_rooms_b, layout_loops_ring
D:2:      layout_basic
D:3:      layout_loops_ring, serial_undead, serial_undead_a, serial_undead_a,
          serial_undead_e, serial_undead_e
D:4:      layout_basic, bloody_makhleb, minmay_temple_entry_grid, first_ration

Skill      XL: |  1  2  3  4  5 |
---------------+----------------+-----
Stealth        | 3 4 |  4.0
Dodging        | 3 4 |  4.0
Spellcasting   | 4 5 |  5.0
Conjurations   | 5 |  5.8
Fighting       | 1 |  1.0

Action                   |  1- 3 |  4- 6 || total
-------------------------+-------+-------++-------
 Cast: Magic Dart        |    64 |    22 ||    86
       Searing Ray       |     2 |    19 ||    21
  Eat: Chunk             |     2 |     5 ||     7
Armor: Robe              |     3 |     3 ||     6
Dodge: Dodged            |    10 |     3 ||    13
